Map: [ESL] Moondance

Players

Maplez - Winner!

  • Race: Protoss Protoss
  • Spawn Location: 6:00

PattyMac

  • Race: Protoss Protoss
  • Spawn Location: 12:00

Event: DreamHack SC2 Masters 2022 Valencia

VOD

Have the link to the VOD?

Description

Time

  • Played on: July 1, 2022, 6:04 a.m.
  • Length: 12:41

All games in this series

Show
View Real Time Build Order
Export as new Build Order

Maplez Protoss - Winner!

Build Orders: Oracle Opening 

Get SALT Encoding   

  12  0:00  Probe  
  13  0:12  Probe  
  14  0:17  Pylon  
  14  0:24  Probe (Chrono Boost)  
  15  0:36  Probe (Chrono Boost)  
  15  0:38  Gateway  
  16  0:44  Probe (Chrono Boost)  
  16  0:47  Assimilator  
  17  0:50  Probe  
  17  0:54  Assimilator  
  18  1:03  Probe  
  19  1:07  Gateway  
  19  1:15  Probe  
  20  1:27  Probe, Cybernetics Core  
  21  1:37  Pylon  
  21  1:39  Probe  
  22  1:51  Probe  
  23  2:03  Stalker x2  
  27  2:14  Stargate  
  27  2:17  Probe  
  27  2:18  Warp Gate (Chrono Boost)  
  28  2:29  Probe  
  30  2:49  Pylon  
  28  2:56  Oracle (Chrono Boost)  
  28  3:03  Nexus  
  31  3:10  Shield Battery  
  31  3:12  Probe  
  35  3:28  Probe  
  36  3:36  Pylon  
  36  3:37  Shield Battery  
  36  3:40  Probe  
  34  3:49  Pylon  
  34  3:55  Robotics Facility  
  34  4:02  Stalker  
  34  4:03  Sentry  
  34  4:07  Oracle (Chrono Boost)  
  41  4:12  Gateway  
  41  4:15  Pylon  
  41  4:17  Pylon  
  41  4:20  Shield Battery  
  38  4:35  Sentry  
  39  4:51  Probe  
  40  4:54  Immortal (Chrono Boost)  
  40  4:59  Zealot  
  46  5:04  Pylon  
  46  5:17  Probe  
  47  5:26  Stalker x2  
  51  5:30  Observer (Chrono Boost)  
  51  5:33  Pylon  
  52  5:47  Probe  
  53  5:50  Nexus  
  53  5:59  Stalker, Probe  
  55  6:12  Probe, Shield Battery  
  53  6:31  Twilight Council, Probe  
  54  6:37  Immortal (Chrono Boost)  
  54  6:43  Probe  
  54  6:46  Sentry  
  61  6:48  Stalker  
  61  7:06  Observer  
  61  7:07  Shield Battery  
  61  7:09  Shield Battery  
  60  7:18  Stalker x2  
  60  7:20  Probe  
  60  7:22  Probe  
  64  7:27  Oracle (Chrono Boost)  
  64  7:32  Probe  
  64  7:36  Probe  
  69  7:43  Stalker  
  71  7:46  Stalker  
  71  7:48  Probe  
  74  7:54  Probe  
  71  8:12  Observer  
  71  8:13  Probe  
  71  8:15  Stalker  
  71  8:18  Probe  
  75  8:22  Observer  
  72  8:32  Pylon  
  70  8:34  Probe (Chrono Boost)  
  70  8:36  Probe (Chrono Boost)  
  70  8:38  Blink (Chrono Boost)  
  70  8:39  Gateway  
  72  8:45  Gateway  
  72  8:49  Stalker  
  74  8:59  Immortal (Chrono Boost)  
  74  9:02  Assimilator x2  
  78  9:04  Pylon  
  78  9:09  Gateway  
  78  9:11  Pylon  
  78  9:15  Stalker  
  77  9:33  Observer (Chrono Boost), Gateway  
  77  9:36  Stalker  
  80  9:42  Observer  
  80  9:43  Adept x2  
  85  9:48  Gateway  
  84  9:58  Warp Prism  
  86  10:01  Stalker  
  86  10:03  Pylon  
  88  10:08  Stalker x2  
  90  10:16  Stalker  
  92  10:25  Stalker  
  94  10:31  Stalker  
  94  10:32  Stalker  
  96  10:43  Stalker  
  96  10:46  Stalker, Sentry  
  86  11:02  Stalker x3  
  88  11:22  Warp Prism (Chrono Boost)  
  88  11:24  Stalker x3  
  86  11:36  Stalker x2  
  84  11:46  Dark Shrine  
  84  11:49  Stalker  
  84  11:52  Observer (Chrono Boost)  
  87  12:01  Stalker x2  
  89  12:18  Stalker x3  
  89  12:21  Stalker  
  87  12:36  Zealot x3  
Show
View Real Time Build Order
Export as new Build Order

PattyMac Protoss 

Build Orders:  

Get SALT Encoding   

  12  0:00  Probe  
  13  0:12  Probe  
  14  0:17  Pylon  
  14  0:24  Probe (Chrono Boost)  
  16  0:36  Gateway  
  16  0:37  Probe (Chrono Boost)  
  16  0:41  Probe (Chrono Boost)  
  16  0:45  Assimilator  
  17  0:52  Probe (Chrono Boost)  
  17  0:53  Assimilator  
  19  1:04  Probe (Chrono Boost)  
  19  1:06  Gateway  
  19  1:13  Probe (Chrono Boost)  
  20  1:18  Probe  
  20  1:25  Cybernetics Core  
  21  1:33  Pylon  
  21  1:35  Probe  
  22  1:47  Probe  
  23  2:01  Robotics Facility  
  23  2:02  Stalker  
  23  2:04  Stalker  
  27  2:09  Warp Gate (Chrono Boost)  
  27  2:14  Pylon  
  27  2:33  Stalker  
  27  2:34  Stalker  
  30  2:48  Warp Prism  
  32  2:58  Gateway  
  32  3:02  Shield Battery  
  34  3:14  Stalker  
  34  3:18  Stalker  
  36  3:45  Observer  
  37  3:52  Pylon  
  37  3:53  Stalker  
  39  4:13  Stalker x2  
  39  4:16  Probe  
  44  4:37  Stalker  
  46  4:42  Pylon  
  44  4:56  Stalker  
  46  5:00  Stalker  
  48  5:09  Probe (Chrono Boost)  
  42  5:20  Observer  
  43  5:21  Probe (Chrono Boost)  
  43  5:27  Twilight Council  
  43  5:29  Probe (Chrono Boost)  
  43  5:31  Adept x2  
  48  5:35  Probe  
  49  5:48  Probe  
  50  5:52  Observer  
  50  6:00  Probe  
  50  6:04  Blink (Chrono Boost)  
  51  6:08  Pylon  
  49  6:26  Stalker x3  
  55  6:34  Pylon  
  55  6:39  Probe  
  56  6:52  Stalker  
  58  7:04  Stalker  
  58  7:05  Stalker  
  55  7:24  Sentry  
  57  7:30  Stalker x2  
  57  7:33  Probe  
  56  8:09  Probe  
  56  8:13  Stalker x2  
  56  8:14  Stalker  
  61  8:21  Probe  
  61  8:26  Nexus  
  62  8:33  Pylon  
  62  8:40  Probe  
  63  8:45  Sentry x2  
  67  8:53  Probe  
  68  9:05  Probe  
  67  9:17  Stalker, Probe (Chrono Boost)  
  68  9:28  Probe (Chrono Boost)  
  64  9:31  Shield Battery  
  64  9:33  Probe (Chrono Boost)  
  65  9:40  Probe (Chrono Boost)  
  65  9:43  Sentry  
  65  9:44  Probe (Chrono Boost)  
  69  9:47  Sentry  
  69  9:50  Probe (Chrono Boost)  
  72  9:56  Probe  
  73  10:02  Probe  
  73  10:05  Sentry  
  76  10:08  Probe  
  76  10:13  Observer  
  76  10:14  Probe  
  77  10:18  Assimilator  
  77  10:20  Probe  
  78  10:26  Probe  
  78  10:27  Stalker  
  81  10:29  Stalker  
  81  10:32  Probe  
  83  10:38  Probe  
  82  10:44  Probe  
  83  10:50  Probe  
  72  10:59  Stalker x2  
  72  11:00  Stalker  
  72  11:03  Probe  
  73  11:12  Probe  
  70  11:23  Observer (Chrono Boost)  
  70  11:27  Nexus  
  70  11:28  Pylon  
  68  11:35  Stalker x2  
  68  11:38  Probe x2  
  74  11:40  Assimilator  
  74  11:43  Shield Battery  
  71  11:49  Pylon  
  71  11:50  Probe  
  72  11:57  Pylon  
  72  11:59  Sentry  
  70  12:08  Stalker x2  
  72  12:21  Probe  
  67  12:25  Gateway  
  67  12:27  Gateway  
  67  12:28  Stalker  
  67  12:36  Stalker x2  

Tags
 
Add a new tag
Caveats
  • Supply blocks, unpowered buildings, or Contaminate may cause inaccurate times.
  • Supply counts are checked every 10 seconds.